 Dungeon Crawl Stone Soup version 0.30.0-29-ga12c61a403 (webtiles) character file.

Game seed: 5768925652214796215

12413 Dordric the Severer (level 11, -4/82 HPs)
             Began as a Minotaur Monk on June 7, 2023.
             Was a High Priest of Makhleb.
             Slain by Erolcha
             ... wielding a +0 giant club
              (34 damage)
             ... on level 10 of the Dungeon on June 10, 2023.
             The game lasted 00:18:03 (8952 turns).

Dordric the Severer (Minotaur Monk)                 Turns: 8952, Time: 00:18:04

Health: -4/82      AC: 18    Str: 33    XL:     11   Next: 62%
Magic:  19/19      EV:  8    Int:  7    God:    Makhleb [*****.]
Gold:   676        SH:  0    Dex: 12    Spells: 10/10 levels left

rFire   . . .        n - +4 battleaxe (freeze)
rCold   . . .        (shield currently unavailable)
rNeg    . . .        w - +0 plate armour
rPois   .            p - +2 hat
rElec   .            E - +2 cloak
rCorr   .            (no gloves)
SInv    .            i - +2 pair of boots
Will    .....        (no amulet)
Stlth   x              - +6 ring of strength
HPRegen 0.33/turn    e - +6 ring of strength
MPRegen 0.16/turn

%: no passive effects
@: no status effects
A: horns 2, retaliatory headbutt
a: Renounce Religion, Minor Destruction, Lesser Servant of Makhleb, Major
Destruction, Greater Servant of Makhleb


You were on level 10 of the Dungeon.
You worshipped Makhleb.
Makhleb was extremely pleased with you.
You visited 1 branch of the dungeon, and saw 10 of its levels.
You also visited: Bailey.

You collected 676 gold pieces.

Inventory:

Hand Weapons
 a - a +0 hand axe
 l - a +2 dagger of draining
 n - a +4 battleaxe of freezing (weapon)
 D - the +6 shillelagh "Devastator" {shatter}
   (You found it on level 3 of the Dungeon)
 N - the +2 sling of Eloupp {speed, rF+ rCorr Int-4}
   (You found it on level 6 of the Dungeon)

   Int:       It affects your intelligence (-4).
   rF:        It protects you from fire.
   rCorr:     It protects you from acid and corrosion.
 P - a +2 battleaxe of freezing
Armour
 d - an orb of light
 i - a +2 pair of boots (worn)
 p - a +2 hat (worn)
 w - a +0 plate armour (worn)
 E - a +2 cloak (worn)
 Q - a +0 buckler
Jewellery
 e - a +6 ring of strength (right hand)
 k - a ring of protection from cold
 x - a +6 ring of strength (left hand)
 C - a ring of ice
 H - a ring of magical power
 O - a +6 ring of dexterity
Wands
 s - a wand of flame (16)
 J - a wand of roots (15)
 M - a wand of mindburst (1)
 R - a wand of charming (3)
Scrolls
 b - a scroll of enchant weapon
 g - a scroll of silence
 j - a scroll of butterflies
 m - 6 scrolls of teleportation
 t - a scroll of fog
 v - 5 scrolls of fear
 y - a scroll of vulnerability
 G - 2 scrolls of enchant armour
 I - 3 scrolls of immolation
Potions
 c - 2 potions of ambrosia
 f - a potion of might {unknown}
 h - 4 potions of attraction
 o - 2 potions of haste {unknown}
 q - 5 potions of brilliance {unknown}
 r - 2 potions of berserk rage {unknown}
 u - 3 potions of heal wounds
 z - a potion of curing {unknown}
 A - 2 potions of resistance {unknown}
 B - 3 potions of flight {unknown}
 F - 4 potions of mutation {unknown}
 K - 2 potions of magic {unknown}
 L - 3 potions of invisibility {unknown}


   Skills:
 - Level 3.6 Fighting
 + Level 16.4 Axes
 - Level 3.2 Dodging
 + Level 12.7 Invocations


You had 10 spell levels left.
You didn't know any spells.
Your spell library contained the following spells:

 Spells                   Type           Power      Damage    Failure   Level
 Apportation              Tloc           0%         N/A       99%         1
 Sublimation of Blood     Necr           0%         N/A       100%        2
 Inner Flame              Hex/Fire       0%         N/A       100%        3
 Ozocubu's Armour         Ice            0%         N/A       100%        3
 Flame Wave               Conj/Fire      0%         2d4       100%        4
 Petrify                  Tmut/Erth      0%         N/A       100%        4
 Sticky Flame             Conj/Fire      0%         2d3       100%        4
 Alistair's Intoxication  Tmut/Pois      0%         N/A       100%        5
 Irradiate                Conj/Tmut      0%         3d11      100%        5
 Metabolic Englaciation   Hex/Ice        0%         N/A       100%        5
 Yara's Violent Unravell  Hex/Tmut       0%         3d3       100%        5
 Simulacrum               Ice/Necr       0%         N/A       100%        6
 Enfeeble                 Hex            0%         N/A       100%        7


Dungeon Overview and Level Annotations

Branches:
Dungeon (10/15)            Temple (0/1) D:6            Lair (0/5) D:9
 Bailey (visited)
    Orc: D:9-12

Altars:
Kikubaaqudgha
Makhleb
Qazlal
Sif Muna
Trog
Wu Jian

Shops:
D:6 !   D:10 (*[

Annotations:
D:10 Erolcha


Innate Abilities, Weirdness & Mutations

You have a pair of horns on your head.
You reflexively headbutt those who attack you in melee.


Message History

The puff of flame misses the yak.
The yak gores you but does no damage. The yak gores you.
You slash the yak! You freeze the yak. You headbutt the yak.
You kill the yak!
Makhleb accepts your kill.
You feel better.
You completely miss the yak. The yak gores you!
You slice the yak!! You freeze the yak.
The yak is severely wounded.
The yak gores you but does no damage.
You slice the yak!! You freeze the yak.
You kill the yak!
Makhleb accepts your kill.
No target in view!
No target in view!
No target in view!
No target in view!
No target in view!
No target in view!
Erolcha is nearby!
Erolcha is nearby!
You can't see any hostile targets in range.
Erolcha shouts!
You can't see any hostile targets in range.
The zap hits Erolcha.
Erolcha is lightly wounded.
The glob of acid misses Erolcha.
The zap hits Erolcha.
Erolcha is lightly wounded.
Erolcha points at you and mumbles some strange words.
The fireball explodes!
The fireball engulfs you! Erolcha hits you with a +0 giant club!!
You slash Erolcha! You freeze Erolcha.
Erolcha is moderately wounded.
You hit Erolcha. You freeze Erolcha. You headbutt Erolcha!
Erolcha is severely wounded.
Erolcha hits you with a +0 giant club!!
* * * LOW HITPOINT WARNING * * *
It was a potion of heal wounds.
You feel much better. Erolcha hits you with a +0 giant club!!
You die...

.....##...#.#.#.#.#.......,,,,,,,
#......#..........#.......,,,,,,,
#......##.#.#.#.#.....#Y>.,,,,,,*
##.....##..............Y..,,,,,,*
#......###...#......(..#,,,,,,***
#.......###...##.......#*,,,***
#........###..##..##...#*****
.........###....O.#*,...#
..........###...@##*,,O.#
...........###†..# **,,.#*
...........###†.## *,,,.#
....##........#.# *,,,,#*
....##..........# *,,,,,**
...##...........### **,,,,,**
..##..............# *,,,,,,*
######..########.## **,,,,** ####
### ******


You could see Erolcha.

Vanquished Creatures
  2 vault guards (Bailey)
  2 two-headed ogres
  An elephant (D:9)
  A kobold demonologist (D:10)
  A troll (D:10)
  Prince Ribbit (Bailey)
  A wyvern (D:9)
  2 wraiths (D:10)
  13 yaks
  5 humans (Bailey)
  2 steam dragons
  2 basilisks (D:9)
  Menkaure (D:4)
  4 water moccasins
  3 orc warriors (D:9)
  3 ice beasts
  2 sky beasts
  A black bear (D:8)
  2 ogres (D:6)
  4 centaurs
  A phantom (D:5)
  A kobold brigand (D:9)
  9 bullfrogs
  4 scorpions
  23 wights
  16 killer bees
  A howler monkey (D:8)
  4 hounds
  2 jellies
  Crazy Yiuf (D:3)
  An orc priest (D:9)
  Jessica (D:2)
  5 iguanas
  3 sleepcaps (D:5)
  3 orc wizards
  3 gnolls (D:4)
  8 adders
  2 shadow imps
  A white imp (D:8)
  5 worms
  3 dart slugs
  18 orcs
  A bat (D:3)
  3 endoplasms (D:2)
  2 giant cockroaches
  9 goblins
  6 hobgoblins
  8 jackals (D:1)
  4 quokkas
  7 ball pythons
  3 frilled lizards
  5 kobolds
  6 rats
222 creatures vanquished.

Notes
Turn   | Place    | Note
-------+----------+-------------------------------------------
     0 | D:1      | Dordric the Minotaur Monk began the quest for the Orb.
     0 | D:1      | Reached XP level 1. HP: 19/19 MP: 0/0
   132 | D:1      | Reached skill level 4 in Axes
   416 | D:1      | Reached XP level 2. HP: 26/26 MP: 1/1
   892 | D:2      | Reached skill level 5 in Axes
   892 | D:2      | Reached XP level 3. HP: 31/31 MP: 2/2
  1182 | D:2      | Reached XP level 4. HP: 31/39 MP: 3/3
  1253 | D:2      | Reached skill level 6 in Axes
  1431 | D:2      | Noticed Jessica
  1435 | D:2      | Killed Jessica
  1840 | D:3      | Found a burning altar of Makhleb.
  1888 | D:3      | Became a worshipper of Makhleb the Destroyer
  1888 | D:3      | Reached * piety under Makhleb
  1888 | D:3      | Reached ** piety under Makhleb
  1915 | D:3      | Reached skill level 7 in Axes
  1915 | D:3      | Reached XP level 5. HP: 45/45 MP: 4/4
  2031 | D:3      | Found a runed translucent door.
  2031 | D:3      | Found the +6 shillelagh "Devastator" {shatter}
  2032 | D:3      | Noticed Crazy Yiuf
  2278 | D:3      | Killed Crazy Yiuf
  2279 | D:3      | Reached skill level 1 in Invocations
  2405 | D:4      | Found an ancient bone altar of Kikubaaqudgha.
  2759 | D:4      | Reached XP level 6. HP: 51/51 MP: 6/6
  2981 | D:4      | Noticed Menkaure
  2993 | D:4      | Killed Menkaure
  2994 | D:4      | Reached skill level 8 in Axes
  3081 | D:5      | Entered Level 5 of the Dungeon
  3151 | D:5      | Found a stormy altar of Qazlal.
  3330 | D:5      | Noticed a water moccasin
  3334 | D:5      | Killed a water moccasin
  3335 | D:5      | Reached XP level 7. HP: 57/57 MP: 8/8
  3355 | D:5      | Found an ornate altar of the Wu Jian Council.
  3524 | D:5      | Reached *** piety under Makhleb
  3525 | D:5      | Reached skill level 9 in Axes
  3643 | D:5      | Reached skill level 5 in Invocations
  3691 | D:5      | Reached XP level 8. HP: 55/64 MP: 9/11
  4085 | D:6      | Found a staircase to the Ecumenical Temple.
  4102 | D:6      | Reached skill level 10 in Axes
  4326 | D:6      | Found Koruynat's Distillery.
  4400 | D:6      | Found a shimmering blue altar of Sif Muna.
  4486 | D:6      | Identified the +2 sling of Eloupp {speed, rF+ rCorr Int-4}
  4592 | D:6      | Reached skill level 11 in Axes
  4807 | D:7      | Reached XP level 9. HP: 70/70 MP: 13/13
  5167 | D:7      | Reached skill level 12 in Axes
  5305 | D:7      | Reached **** piety under Makhleb
  5959 | D:8      | Reached skill level 13 in Axes
  5993 | D:8      | Reached XP level 10. HP: 66/77 MP: 16/16
  6650 | D:9      | Found a staircase to the Lair.
  6650 | D:9      | Noticed an elephant
  6683 | D:9      | Reached skill level 10 in Invocations
  6995 | D:9      | Killed an elephant
  6996 | D:9      | Reached skill level 14 in Axes
  7187 | D:9      | Reached ***** piety under Makhleb
  7487 | D:9      | Found a bloodstained altar of Trog.
  7596 | D:10     | Entered Level 10 of the Dungeon
  7596 | D:10     | Noticed a two-headed ogre
  7605 | D:10     | Killed a two-headed ogre
  7606 | D:10     | Reached skill level 15 in Axes
  7686 | D:10     | Noticed a two-headed ogre
  7712 | D:9      | Killed a two-headed ogre
  7713 | D:9      | Reached XP level 11. HP: 29/82 MP: 18/18
  7962 | D:10     | Found Xuoraef's Assorted Antiques.
  7964 | D:10     | Found Taokh's Antique Weapon Emporium.
  7966 | D:10     | Found Lifef's Armour Boutique.
  8033 | D:10     | Found a flagged portal.
  8056 | Bailey   | Entered a bailey
  8254 | Bailey   | Noticed Prince Ribbit
  8254 | Bailey   | Noticed a vault guard
  8264 | Bailey   | Killed Prince Ribbit
  8265 | Bailey   | Killed a vault guard
  8427 | Bailey   | Noticed a vault guard
  8435 | Bailey   | Killed a vault guard
  8436 | Bailey   | Reached skill level 16 in Axes
  8880 | D:10     | Noticed Erolcha
  8952 | D:10     | Slain by Erolcha

Illustrated notes

Levels and vault maps discovered:
D:1:      amcnicky_arrival_gap_in_the_tavern_cellar, layout_loops_corners
D:2:      layout_basic, hangedman_feature_mirror, uniq_jessica
D:3:      layout_basic, mainiacjoe_overflow_six_doors_small,
          uniq_crazy_yiuf_cottage
D:4:      wad_crossroads, layout_loops_ring, mainiacjoe_overflow_alcove_4,
          uniq_menkaure
D:5:      layout_loops_corners, grunt_qazlal_clouds, mainiacjoe_overflow_paths
D:6:      minmay_general_purpose_star, layout_loops_ring,
          mainiacjoe_overflow_surrounded_room, minmay_temple_entry_sparse_star,
          serial_shops, nicolae_stop_n_shop_1
D:7:      layout_basic, kennysheep_generic_room_12
D:8:      layout_loops_ring
D:9:      layout_loops_cross, trog_butcher_becter, david_lair_generic
D:10:     layout_cave_pods, enter_bailey_3, serial_glass, glass_columns_c,
          glass_columns_b, nicolae_wooded_promenade, dreamdust_princess_bridge,
          uniq_erolcha, uniq_amaemon

Skill      XL: |  1  2  3  4  5  6  7  8  9 10 11 |
---------------+----------------------------------+-----
Axes           | 4 5 7 8 9 11 13 15 16 | 16.4
Invocations    | 2 3 5 7 9 11 12 | 12.7
Fighting       | |  3.6
Dodging        | |  3.2

Action                     |  1- 3 |  4- 6 |  7- 9 | 10-12 || total
---------------------------+-------+-------+-------+-------++-------
  Melee: Hand axe          |    22 |       |       |       ||    22
         Headbutt          |    11 |    19 |     9 |    27 ||    66
         Dagger            |    38 |    68 |       |       ||   106
         Shillelagh        |       |    33 |    91 |    74 ||   198
         Battleaxe         |       |       |       |    76 ||    76
   Fire: Sling             |       |       |     7 |       ||     7
 Invoke: Minor Destruction |       |     1 |    72 |    90 ||   163
         Lesser Servant of |       |       |       |     1 ||     1
    Use: Scroll            |       |     4 |       |    11 ||    15
         Potion            |       |       |       |     2 ||     2
 Armour: Robe              |     4 |       |       |       ||     4
         Ring mail         |     5 |       |       |       ||     5
         Chain mail        |     3 |    28 |       |       ||    31
         Plate armour      |       |    38 |    50 |    83 ||   171
  Dodge: Dodged            |    36 |    38 |    33 |    61 ||   168
  Block: Buckler           |       |       |       |     6 ||     6
